 Dungeon Crawl Stone Soup version 0.27.1-33-g824d729ab1 (webtiles) character file.

Game seed: 6355693476511788779

267 zeram the Covert (level 6, -1/36 HPs)
             Began as an Octopode Enchanter on Dec 10, 2021.
             Slain by an orc wizard (3 damage)
             ... on level 4 of the Dungeon.
             The game lasted 00:02:45 (1511 turns).

zeram the Covert (Octopode Enchanter)               Turns: 1511, Time: 00:02:46

Health: -1/36      AC:  1    Str:  6 (7)  XL:     6   Next: 21%
Magic:  9/9        EV: 13    Int: 19 (20) God:
Gold:   104        SH:  0    Dex: 10 (12) Spells: 6/9 levels left

rFire    . . .     SeeInvis .   a - +2 dagger
rCold    . . .     Faith    .   (no shield)
rNeg     . . .     Spirit   .   (helmet restricted)
rPois    .         Reflect  .   (no amulet)
rElec    .         Harm     .   (no ring)
rCorr    .         Rampage  .   (no ring)
Will     .....                  (no ring)
Stlth    +++++.....             (no ring)
HPRegen  0.12/turn              (no ring)
MPRegen  0.11/turn              (no ring)
                                (no ring)
                                (no ring)

@: no status effects
A: almost no armour, amphibious, 8 rings, camouflage 1, gelatinous body 1,
(nimble swimmer 1), tentacles
a: no special abilities


You were on level 4 of the Dungeon.
You visited 1 branch of the dungeon, and saw 4 of its levels.

You collected 104 gold pieces.

Inventory:

Hand Weapons
 a - a +2 dagger (weapon)
Jewellery
 b - an amulet of magic regeneration
Scrolls
 f - 2 scrolls of enchant armour
Potions
 c - a potion of attraction {unknown}
 d - a potion of degeneration
 e - a potion of heal wounds {unknown}
 g - a potion of haste {unknown}
 h - 2 potions of flight {unknown}
 i - a potion of curing {unknown}


   Skills:
 - Level 1.0 Short Blades
 + Level 2.5 Dodging
 + Level 8.4 Stealth
 - Level 2.0 Spellcasting
 + Level 4.0 Hexes


You had 6 spell levels left.
You knew the following spells:

 Your Spells              Type           Power      Damage    Failure   Level
a - Corona                Hex            18%        N/A       3%          1
b - Ensorcelled Hibernat  Hex/Ice        18%        N/A       11%         2

Your spell library contained the following spells:

 Spells                   Type           Power      Damage    Failure   Level
 Confusing Touch          Hex            17%        N/A       10%         3
 Tukima's Dance           Hex            17%        N/A       10%         3
 Dazzling Flash           Conj/Hex       18%        N/A       22%         3


Dungeon Overview and Level Annotations

Branches:
Dungeon (4/15)
 Temple: D:4-7

Altars:
Cheibriados


Innate Abilities, Weirdness & Mutations

You cannot wear most types of armour.
You are amphibious.
You can wear up to eight rings at the same time.
Your skin changes colour to match your surroundings (Stealth+).
Your rubbery body absorbs attacks. (AC +1, EV +1)
((You are camouflaged near water. (Stealth+)))
You have tentacles for arms and can constrict up to eight enemies at once.


Message History

You hit the orc wizard.
You squeeze the orc wizard, but do no damage.
The orc wizard is moderately wounded.
You constrict the orc wizard.
The orc wizard hits you with a +3 dagger.
The orc hits you from afar with a +0 trident!
You are too injured to fight recklessly!
You are too injured to fight recklessly!
You are too injured to fight recklessly!
Unknown command.
Casting: Ensorcelled Hibernation (safe; 11% risk of failure)
Confirm with . or Enter, or press ? or * to list all spells.
You don't know that spell.
Okay, then.
You barely miss the orc wizard.
The orc wizard is heavily wounded.
You constrict the orc wizard.
The orc wizard escapes!
The orc barely misses you.
The orc priest calls upon Beogh to heal the orc wizard.
The orc wizard is healed somewhat.
You hit the orc wizard. Your grab misses the orc wizard.
The orc wizard is heavily wounded.
The orc wizard points at you and mumbles some strange words.
The puff of flame hits you. The orc closely misses you.
The orc priest barely misses you.
You hit the orc wizard. You grab the orc wizard.
The orc wizard is severely wounded.
You constrict the orc wizard, but do no damage.
The orc wizard casts a spell at you. The puff of flame hits you!
* * * LOW HITPOINT WARNING * * *
The orc hits you but does no damage.
The orc priest casts a cantrip, but nothing happens.
Okay, then.
It was a potion of degeneration.
There was something very wrong with that liquid.
You feel weakened.
You feel dopey.
You feel clumsy.
You constrict the orc wizard.
The orc wizard hits you with a +3 dagger.
You die...

#...##.....# .
#...##.....# ..
#..........#####
...##..........<...#
...................#
♣♣ ♣..............#
♣..♣...#######.#.##
♣..............#.#
♣._...@o..........
♣.....)o...........
♣..♣..o............#
♣♣♣♣.......... ...
...w.......
#...........
#...........
#...........


You could see an orc priest, an orc wizard, a dart slug and an orc.

Vanquished Creatures
  Sigmund (D:2)
  Crazy Yiuf (D:2)
  3 gnolls (D:2)
  An adder (D:2)
  A worm (D:2)
  2 dart slugs (D:2)
  2 orcs (D:4)
  An endoplasm (D:2)
  A giant cockroach (D:2)
  2 goblins (D:3)
  3 hobgoblins
  4 jackals (D:2)
  2 quokkas
  3 ball pythons
  4 bats
  A frilled lizard (D:2)
  2 kobolds
  2 rats
36 creatures vanquished.

Notes
Turn   | Place    | Note
-------+----------+-------------------------------------------
     0 | D:1      | zeram the Octopode Enchanter began the quest for the Orb.
     0 | D:1      | Reached XP level 1. HP: 11/11 MP: 3/3
   151 | D:1      | Reached XP level 2. HP: 16/17 MP: 5/5
   202 | D:1      | You fall into a shaft and drop 1 floor!
   216 | D:2      | Reached skill level 5 in Stealth
   228 | D:2      | Learned a level 2 spell: Ensorcelled Hibernation
   399 | D:2      | Reached XP level 3. HP: 21/21 MP: 6/6
   578 | D:2      | Reached skill level 6 in Stealth
   833 | D:2      | Reached XP level 4. HP: 27/27 MP: 0/7
   947 | D:2      | Found a runed translucent door.
   948 | D:2      | Noticed Crazy Yiuf
   966 | D:2      | Noticed Sigmund
   975 | D:2      | Killed Sigmund
   976 | D:2      | Reached skill level 7 in Stealth
   976 | D:2      | Reached XP level 5. HP: 31/31 MP: 5/8
  1065 | D:2      | Reached skill level 8 in Stealth
  1188 | D:2      | Reached XP level 6. HP: 36/36 MP: 9/9
  1290 | D:2      | Killed Crazy Yiuf
  1485 | D:4      | Found a snail-covered altar of Cheibriados.
  1511 | D:4      | Slain by an orc wizard

Illustrated notes

Levels and vault maps discovered:
D:1:      dpeg_arrival_lava_altar, layout_basic,
          shapermc_ecumenical_altar_notcrosses
D:2:      layout_loops_cross, uniq_crazy_yiuf_cottage, uniq_sigmund
D:3:      layout_basic, nicolae_overflow_hidden_temple, amcnicky_altar_gilded,
          serial_curves, eino_curves_01, eino_curves_03
D:4:      layout_basic, mainiacjoe_overflow_alcove_1, uniq_pikel

Skill      XL: |  1  2  3  4  5 |
---------------+----------------+-----
Stealth        | 5 6 7 8 |  8.4
Hexes          | 4 |  4.0
Short Blades   | |  1.0
Dodging        | |  2.5
Spellcasting   | |  2.0

Action                   |  1- 3 |  4- 6 || total
-------------------------+-------+-------++-------
Melee: Dagger            |    39 |    34 ||    73
       Constrict         |     9 |     7 ||    16
       Tentacles         |     5 |     4 ||     9
 Cast: Ensorcelled Hiber |     3 |     2 ||     5
  Use: Scroll            |       |     3 ||     3
       Potion            |       |     1 ||     1
 Stab: Sleeping          |    13 |     9 ||    22
Armor: Skin              |     1 |     3 ||     4
Dodge: Dodged            |    20 |    17 ||    37
